| TOP OF THE 1ST |
|
Detroit Tigers batting - Pitching for Montreal Expos : LHP Brian White
|
|
Pitching: LHP Brian White
|
|
|
Batting: RHB Greg Harman
|
0-0: Ball 1-0: Ball 2-0: Ball 3-0: Base on Balls
|
|
Batting: LHB Morgan Black
|
0-0: Ball Greg Harman is caught stealing 2nd base 2-6 1-0: Called Strike 1-1: Ball 2-1: Fly out, F9 (Line Drive, 9D, EV 103.1 MPH)
|
|
Batting: SHB Phil Zacharia
|
0-0: Called Strike 0-1: Foul Ball, location: 2F 0-2: DOUBLE (Line Drive, 9LS, EV 98.1 MPH)
|
|
Batting: LHB Tyler Davis
|
0-0: SINGLE (Groundball, 4MD, EV 105.0 MPH) Phil Zacharia to third Runner from 3rd tries for Home, SAFE, throw by CF to home
|
|
Batting: RHB Ryan Neal
|
0-0: Ball 1-0: Ground out 6-3 (Groundball, 6S, EV 71.3 MPH)
|
| Top of the 1st over - 1 run, 2 hits, 0 errors, 1 left on base; Detroit 1 - Montreal 0 |
| BOTTOM OF THE 1ST |
|
Montreal Expos batting - Pitching for Detroit Tigers : RHP Mario Napoles
|
|
Pitching: RHP Mario Napoles
|
|
|
Now in CF: Victor Quinones
|
|
|
Batting: RHB Robby Juarez
|
0-0: Bunted foul 0-1: Swinging Strike 0-2: Fly out, F8 (Flyball, 78XD, EV 88.1 MPH)
|
|
Batting: SHB Pete Barutha
|
0-0: Bunt for hit to 2L - play at first, batter OUT! 2-3
|
|
Batting: RHB Mike Salmon
|
0-0: Ball 1-0: Foul Ball, location: 2F 1-1: Foul Ball, location: 2F 1-2: Ball 2-2: Ground out 5-3 (Groundball, 56, EV 105.6 MPH)
|
| Bottom of the 1st over - 0 runs, 0 hits, 0 errors, 0 left on base; Detroit 1 - Montreal 0 |
| TOP OF THE 2ND |
|
Detroit Tigers batting - Pitching for Montreal Expos : LHP Brian White
|
|
Batting: RHB Randy Shrewsbury
|
0-0: Foul Ball, location: 2F 0-1: SOLO HOME RUN (Line Drive, 7D, EV 105.6 MPH), Distance : 382 ft
|
|
Batting: RHB Luke Feeney
|
0-0: Called Strike 0-1: Foul Ball, location: 2F 0-2: Ground out 5-3 (Groundball, 56, EV 89.4 MPH)
|
|
Batting: LHB Brad Turner
|
0-0: Ball 1-0: Ball 2-0: Foul Ball, location: 2F 2-1: Ball 3-1: Foul Ball, location: 2F 3-2: Fly out, F8 (Flyball, 8RM, EV 86.3 MPH)
|
|
Batting: RHB Adrian Novakovic
|
0-0: Foul Ball, location: 2F 0-1: Called Strike 0-2: Foul Ball, location: 2F 0-2: Strikes out swinging
|
| Top of the 2nd over - 1 run, 1 hit, 0 errors, 0 left on base; Detroit 2 - Montreal 0 |
| BOTTOM OF THE 2ND |
|
Montreal Expos batting - Pitching for Detroit Tigers : RHP Mario Napoles
|
|
Batting: RHB Hugo Bautista
|
0-0: Foul Ball, location: 2F 0-1: Ball 1-1: Ball 2-1: Ball 3-1: Base on Balls
|
|
Batting: LHB Steve Anderson
|
0-0: Ball 1-0: Ball 2-0: Ball 3-0: Base on Balls Hugo Bautista to second
|
|
Batting: LHB Jimmy Buscemi
|
0-0: Ball 1-0: Ball 2-0: Ball 3-0: Called Strike 3-1: Base on Balls Hugo Bautista to third Steve Anderson to second
|
|
Batting: RHB John Ham
|
0-0: Ball 1-0: Foul Ball, location: 2F 1-1: Ball 2-1: Fly out, F5 (Popup, 25F, EV 91.3 MPH)
|
|
Batting: SHB Bran Stark
|
0-0: Ball 1-0: Grounds into double play, 5-4-3 (Groundball, 5, EV 80.6 MPH)
|
| Bottom of the 2nd over - 0 runs, 0 hits, 0 errors, 2 left on base; Detroit 2 - Montreal 0 |
| TOP OF THE 3RD |
|
Detroit Tigers batting - Pitching for Montreal Expos : LHP Brian White
|
|
Batting: RHB Greg Harman
|
0-0: Called Strike 0-1: Ball 1-1: Foul Ball, location: 2F 1-2: SOLO HOME RUN (Flyball, 78XD, EV 100.0 MPH), Distance : 396 ft
|
|
Batting: LHB Morgan Black
|
0-0: Ball 1-0: Ball 2-0: Ball 3-0: SINGLE (Flyball, 34D, EV 85.0 MPH)
|
|
Batting: RHB Victor Quinones
|
0-0: Called Strike 0-1: Ball 1-1: Ball Morgan Black is caught stealing 2nd base 2-4 2-1: TRIPLE (Flyball, 9D, EV 88.1 MPH)
|
|
Batting: LHB Tyler Davis
|
0-0: Ground out 3-1 (Groundball, 34, EV 104.4 MPH) Victor Quinones scores
|
|
Batting: RHB Ryan Neal
|
0-0: Fly out, F9 (Line Drive, 9, EV 97.5 MPH)
|
| Top of the 3rd over - 2 runs, 3 hits, 0 errors, 0 left on base; Detroit 4 - Montreal 0 |
| BOTTOM OF THE 3RD |
|
Montreal Expos batting - Pitching for Detroit Tigers : RHP Mario Napoles
|
|
Batting: RHB Nick Sharp
|
0-0: Ground out 6-3 (Groundball, 6MS, EV 70.0 MPH)
|
|
Batting: RHB Robby Juarez
|
0-0: Foul Ball, location: 2F 0-1: Called Strike 0-2: Reached on error, E6 (Groundball, 6, EV 90.6 MPH)
|
|
Batting: SHB Pete Barutha
|
0-0: Ball Robby Juarez steals 2nd base (no throw) 1-0: Foul Ball, location: 2F 1-1: Ball 2-1: Foul Ball, location: 2F 2-2: Foul Ball, location: 2F 2-2: Foul Ball, location: 2F 2-2: Ball 3-2: Foul Ball, location: 2F 3-2: Base on Balls
|
|
Batting: RHB Mike Salmon
|
0-0: Called Strike 0-1: Foul Ball, location: 2F 0-2: Strikes out swinging
|
|
Batting: RHB Hugo Bautista
|
0-0: Ball 1-0: Ball 2-0: Swinging Strike 2-1: Ball 3-1: Base on Balls Robby Juarez to third Pete Barutha to second
|
|
Batting: LHB Steve Anderson
|
0-0: Ball 1-0: Fly out, F8 (Flyball, 8LXD, EV 96.9 MPH)
|
| Bottom of the 3rd over - 0 runs, 0 hits, 1 error, 3 left on base; Detroit 4 - Montreal 0 |
| TOP OF THE 4TH |
|
Detroit Tigers batting - Pitching for Montreal Expos : LHP Brian White
|
|
Batting: RHB Randy Shrewsbury
|
0-0: Foul Ball, location: 2F 0-1: Ball 1-1: Ground out 6-3 (Groundball, 6D, EV 75.6 MPH)
|
|
Batting: RHB Luke Feeney
|
0-0: Called Strike 0-1: Swinging Strike 0-2: Strikes out swinging
|
|
Batting: LHB Brad Turner
|
0-0: Ball 1-0: Fly out, F9 (Flyball, 9LM, EV 101.3 MPH)
|
| Top of the 4th over - 0 runs, 0 hits, 0 errors, 0 left on base; Detroit 4 - Montreal 0 |
| BOTTOM OF THE 4TH |
|
Montreal Expos batting - Pitching for Detroit Tigers : RHP Mario Napoles
|
|
Batting: LHB Jimmy Buscemi
|
0-0: Ball 1-0: Ball 2-0: Foul Ball, location: 2F 2-1: Swinging Strike 2-2: SINGLE (Line Drive, 9LS, EV 107.5 MPH)
|
|
Batting: RHB John Ham
|
0-0: Foul Ball, location: 2F 0-1: Foul Ball, location: 2F 0-2: Ball 1-2: Foul Ball, location: 2F 1-2: Strikes out swinging
|
|
Batting: SHB Bran Stark
|
0-0: Ball 1-0: Ball 2-0: Ball 3-0: Base on Balls Jimmy Buscemi to second
|
|
Batting: RHB Nick Sharp
|
0-0: Foul Ball, location: 2F 0-1: Ball 1-1: Ball 2-1: Called Strike 2-2: Foul Ball, location: 2F 2-2: Ball Wild Pitch! Jimmy Buscemi to third Bran Stark to second 3-2: Base on Balls
|
|
Batting: RHB Robby Juarez
|
0-0: Ball 1-0: Ball 2-0: Called Strike 2-1: Swinging Strike 2-2: Strikes out swinging
|
|
Batting: SHB Pete Barutha
|
0-0: Ball 1-0: Foul Ball, location: 2F 1-1: Fly out, F7 (Line Drive, 7D, EV 88.1 MPH)
|
| Bottom of the 4th over - 0 runs, 1 hit, 0 errors, 3 left on base; Detroit 4 - Montreal 0 |
| TOP OF THE 5TH |
|
Detroit Tigers batting - Pitching for Montreal Expos : LHP Brian White
|
|
Batting: RHB Adrian Novakovic
|
0-0: Ball 1-0: Foul Ball, location: 2F 1-1: Ball 2-1: Ball 3-1: Ground out 5-3 (Groundball, 5D, EV 83.1 MPH)
|
|
Batting: RHB Greg Harman
|
0-0: Ball 1-0: Ball 2-0: Ball 3-0: Base on Balls
|
|
Batting: LHB Morgan Black
|
0-0: Called Strike 0-1: Foul Ball, location: 2F 0-2: Foul Ball, location: 2F 0-2: Strikes out looking
|
|
Batting: RHB Victor Quinones
|
0-0: Ball 1-0: DOUBLE (Line Drive, 5D, EV 95.0 MPH) Greg Harman to third
|
|
Batting: LHB Tyler Davis
|
0-0: Called Strike 0-1: Called Strike 0-2: Foul Ball, location: 2F 0-2: Ball 1-2: Ball 2-2: Fly out, F7 (Flyball, 7, EV 88.8 MPH)
|
| Top of the 5th over - 0 runs, 1 hit, 0 errors, 2 left on base; Detroit 4 - Montreal 0 |
| BOTTOM OF THE 5TH |
|
Montreal Expos batting - Pitching for Detroit Tigers : RHP Mario Napoles
|
|
Batting: RHB Mike Salmon
|
0-0: Ball 1-0: Ball 2-0: DOUBLE (Flyball, 8RXD, EV 101.9 MPH)
|
|
Batting: RHB Hugo Bautista
|
0-0: Ground out 6-3 (Groundball, 6, EV 85.6 MPH) Mike Salmon to third
|
|
Batting: LHB Steve Anderson
|
0-0: Called Strike 0-1: Ground out 4-3 (Groundball, 4, EV 89.4 MPH) Mike Salmon scores
|
|
Batting: LHB Jimmy Buscemi
|
0-0: Ball 1-0: Ball 2-0: Ball 3-0: Called Strike 3-1: Base on Balls
|
|
Batting: RHB John Ham
|
0-0: Foul Ball, location: 2F 0-1: Foul Ball, location: 2F 0-2: Ball 1-2: Ball 2-2: Ball 3-2: Foul Ball, location: 2F 3-2: Strikes out looking
|
| Bottom of the 5th over - 1 run, 1 hit, 0 errors, 1 left on base; Detroit 4 - Montreal 1 |
| TOP OF THE 6TH |
|
Detroit Tigers batting - Pitching for Montreal Expos : LHP Brian White
|
|
Batting: RHB Ryan Neal
|
0-0: Ground out 5-3 (Groundball, 56S, EV 86.9 MPH)
|
|
Batting: RHB Randy Shrewsbury
|
0-0: Ball 1-0: Foul Ball, location: 2F 1-1: Ball 2-1: Foul Ball, location: 2F 2-2: Ground out 5-3 (Groundball, 56, EV 101.3 MPH)
|
|
Batting: RHB Luke Feeney
|
0-0: Ball 1-0: Ball 2-0: DOUBLE (Flyball, 8RXD, EV 103.8 MPH)
|
|
Batting: LHB Brad Turner
|
0-0: Called Strike 0-1: Called Strike 0-2: Ball 1-2: Fly out, F5 (Popup, 5F, EV 65.0 MPH)
|
| Top of the 6th over - 0 runs, 1 hit, 0 errors, 1 left on base; Detroit 4 - Montreal 1 |
| BOTTOM OF THE 6TH |
|
Montreal Expos batting - Pitching for Detroit Tigers : RHP Mario Napoles
|
|
Batting: SHB Bran Stark
|
0-0: Ball 1-0: Called Strike 1-1: SINGLE (Groundball, 6MD, EV 103.8 MPH)
|
|
Pitching: RHP Chris Haselhorst
|
|
|
Batting: RHB Nick Sharp
|
0-0: Ball 1-0: Ball Bran Stark steals 2nd base (no throw) 2-0: Ball 3-0: Called Strike 3-1: Base on Balls
|
|
Batting: RHB Robby Juarez
|
0-0: Called Strike 0-1: Called Strike Bran Stark steals 3rd base 0-2: Ball 1-2: Ball 2-2: Ball 3-2: Fly out, F7 (Flyball, 7, EV 88.8 MPH) Runner from 3rd tags up, SCORES, no throw by LF
|
|
Batting: SHB Pete Barutha
|
0-0: Ball 1-0: Foul Ball, location: 2F 1-1: Swinging Strike 1-2: Foul Ball, location: 2F 1-2: DOUBLE (Line Drive, 9LM, EV 110.0 MPH) Nick Sharp to third
|
|
Batting: RHB Mike Salmon
|
0-0: Foul Ball, location: 2F 0-1: Ball 1-1: 3-RUN HOME RUN (Flyball, 7D, EV 95.6 MPH), Distance : 363 ft
|
|
Pitching: RHP Andres de Leon
|
|
|
Batting: RHB Hugo Bautista
|
0-0: Ball 1-0: Called Strike 1-1: Called Strike 1-2: Ball 2-2: Foul Ball, location: 2F 2-2: Foul Ball, location: 2F 2-2: Strikes out swinging
|
|
Batting: LHB Steve Anderson
|
0-0: Ball 1-0: Foul Ball, location: 2F 1-1: Ground out 6-3 (Groundball, 6M, EV 110.0 MPH)
|
| Bottom of the 6th over - 4 runs, 3 hits, 0 errors, 0 left on base; Detroit 4 - Montreal 5 |
| TOP OF THE 7TH |
|
Detroit Tigers batting - Pitching for Montreal Expos : LHP Brian White
|
|
Batting: RHB Adrian Novakovic
|
0-0: Foul Ball, location: 2F 0-1: Swinging Strike 0-2: Ball 1-2: Fly out, F9 (Flyball, 9, EV 91.3 MPH)
|
|
Batting: RHB Greg Harman
|
0-0: Foul Ball, location: 2F 0-1: Ball 1-1: Ground out 4-3 (Groundball, 6MD, EV 86.3 MPH)
|
|
Pinch Hitting: RHB Dave Reynolds
|
0-0: Ball 1-0: Fly out, F7 (Flyball, 7D, EV 100.6 MPH)
|
| Top of the 7th over - 0 runs, 0 hits, 0 errors, 0 left on base; Detroit 4 - Montreal 5 |
| BOTTOM OF THE 7TH |
|
Montreal Expos batting - Pitching for Detroit Tigers : RHP Andres de Leon
|
|
Pitching: RHP Bryce Cleavinger
|
|
|
Now in LF: Jordan Villa
|
|
|
Batting: LHB Jimmy Buscemi
|
0-0: Called Strike 0-1: Swinging Strike 0-2: Strikes out swinging
|
|
Batting: RHB John Ham
|
0-0: Ball 1-0: Called Strike 1-1: Called Strike 1-2: Foul Ball, location: 2F 1-2: Foul Ball, location: 2F 1-2: Foul Ball, location: 2F 1-2: Foul Ball, location: 2F 1-2: Foul Ball, location: 2F 1-2: Strikes out swinging
|
|
Batting: SHB Bran Stark
|
0-0: Swinging Strike 0-1: Fly out, F7 (Flyball, 7S, EV 78.8 MPH)
|
| Bottom of the 7th over - 0 runs, 0 hits, 0 errors, 0 left on base; Detroit 4 - Montreal 5 |
| TOP OF THE 8TH |
|
Detroit Tigers batting - Pitching for Montreal Expos : LHP Brian White
|
|
Batting: RHB Victor Quinones
|
0-0: Ball 1-0: Foul Ball, location: 2F 1-1: SINGLE (Line Drive, 7S, EV 85.6 MPH)
|
|
Batting: RHB Danny Eberhart
|
0-0: Ball 1-0: Grounds into double play, 5-4-3 (Groundball, 5, EV 86.3 MPH)
|
|
Batting: RHB Ryan Neal
|
0-0: Called Strike 0-1: Foul Ball, location: 2F 0-2: Ball 1-2: Ground out 6-3 (Groundball, 56S, EV 85.6 MPH)
|
| Top of the 8th over - 0 runs, 1 hit, 0 errors, 0 left on base; Detroit 4 - Montreal 5 |
| BOTTOM OF THE 8TH |
|
Montreal Expos batting - Pitching for Detroit Tigers : RHP Bryce Cleavinger
|
|
Batting: RHB Nick Sharp
|
0-0: Called Strike 0-1: Ball 1-1: DOUBLE (Groundball, 5L, EV 105.0 MPH)
|
|
Batting: RHB Robby Juarez
|
0-0: Ball Nick Sharp is caught stealing 3rd base 2-5 1-0: Swinging Strike 1-1: Called Strike 1-2: Fly out, F6 (Line Drive, 6, EV 65.0 MPH)
|
|
Batting: SHB Pete Barutha
|
0-0: Swinging Strike 0-1: Ball 1-1: Called Strike 1-2: Ball 2-2: Strikes out looking
|
| Bottom of the 8th over - 0 runs, 1 hit, 0 errors, 0 left on base; Detroit 4 - Montreal 5 |
| TOP OF THE 9TH |
|
Detroit Tigers batting - Pitching for Montreal Expos : LHP Brian White
|
|
Pitching: RHP Alan Taylor
|
|
|
Batting: RHB Randy Shrewsbury
|
0-0: Ball 1-0: Ball 2-0: Ball 3-0: Base on Balls
|
|
Batting: RHB Luke Feeney
|
0-0: Foul Ball, location: 2F 0-1: Ball 1-1: Ball 2-1: Fielders Choice at 2nd, 6-4 (Groundball, 6, EV 78.1 MPH)
|
|
Batting: LHB Brad Turner
|
0-0: Foul Ball, location: 2F 0-1: Ball 1-1: Ball 2-1: SINGLE (Line Drive, 8RS, EV 103.8 MPH) Luke Feeney to second
|
|
Pinch Hitting: LHB Emmanuel Gaskin
|
0-0: Swinging Strike 0-1: Called Strike 0-2: Strikes out looking
|
|
Batting: RHB Greg Harman
|
0-0: Called Strike 0-1: Swinging Strike 0-2: Ball 1-2: Foul Ball, location: 2F 1-2: Ball 2-2: Ball 3-2: Foul Ball, location: 2F 3-2: Base on Balls Luke Feeney to third Brad Turner to second
|
|
Pitching: RHP Jeff Urry
|
|
|
Batting: LHB Jordan Villa
|
0-0: Swinging Strike 0-1: Foul Ball, location: 2F 0-2: Ball 1-2: Ball 2-2: Ball 3-2: Ground out U3 (Groundball, 34S, EV 72.5 MPH)
|
| Top of the 9th over - 0 runs, 1 hit, 0 errors, 3 left on base; Detroit 4 - Montreal 5 |
|